 Dungeon Crawl Stone Soup version 0.30-a0-719-gcc4359ea44 (webtiles) character file.

Game seed: 7502088856925557158

26 Gamerboymanguy the Trooper (level 3, 30/33 HPs)
             Began as a Hill Orc Fighter on Jan 26, 2023.
             Quit the game on level 3 of the Dungeon.
             The game lasted 00:09:41 (584 turns).

Gamerboymanguy the Trooper (Hill Orc Fighter)        Turns: 584, Time: 00:09:42

Health: 30/33      AC:  6    Str: 18    XL:     3   Next: 8%
Magic:  3/3        EV:  9    Int: 10    God:
Gold:   44         SH:  4    Dex: 10    Spells: 2/2 levels left

rFire   . . .      SeeInvis .    a - +0 war axe
rCold   . . .      Faith    .    c - +0 buckler
rNeg    . . .      Spirit   .    b - +0 scale mail
rPois   .          Reflect  .    (no helmet)
rElec   .          Harm     .    (no cloak)
rCorr   .          Rampage  .    (no gloves)
Will    .....                    (no boots) Stlth
                                 (no amulet)
HPRegen 0.25/turn                (no ring)
MPRegen 0.08/turn                (no ring)

@: mighty
A: no striking features
a: no special abilities


You were on level 3 of the Dungeon.
You visited 1 branch of the dungeon, and saw 3 of its levels.

You collected 44 gold pieces.

Inventory:

Hand Weapons
 a - a +0 war axe (weapon)
Armour
 b - a +0 scale mail (worn)
 c - a +0 buckler (worn)
Scrolls
 e - a scroll of teleportation {unknown}
 g - a scroll of immolation {unknown}
 h - a scroll of identify {unknown}
Potions
 f - a potion of berserk rage {unknown}


   Skills:
 + Level 4.3 Fighting
 + Level 3.3 Axes
 + Level 3.5 Armour
 + Level 3.4 Shields


You had 2 spell levels left.
You didn't know any spells.
Your spell library contained the following spells:

 Spells                   Type           Power      Damage    Failure   Level
 Magic Dart               Conj           0%         1d3       83%         1
 Searing Ray              Conj           0%         2d4       93%         2
 Fulminant Prism          Conj/Hex       0%         3d5       100%        4


Dungeon Overview and Level Annotations

Branches:
Dungeon (3/15)

Altars:
Fedhas


Message History

You have reached level 3!
Your experience leads to an increase in your attributes!
Increase (S)trength, (I)ntelligence, or (D)exterity?
Uppercase letters only, please.
Uppercase letters only, please.
Uppercase letters only, please.
Uppercase letters only, please.
Uppercase letters only, please.
Uppercase letters only, please.
Uppercase letters only, please.
Uppercase letters only, please.
Uppercase letters only, please.
Uppercase letters only, please.
Uppercase letters only, please.
Uppercase letters only, please.
Uppercase letters only, please.
Uppercase letters only, please.
Uppercase letters only, please.
Uppercase letters only, please.
Uppercase letters only, please.
Uppercase letters only, please.
Uppercase letters only, please.
Uppercase letters only, please.
Uppercase letters only, please.
Uppercase letters only, please.
Uppercase letters only, please.
Uppercase letters only, please.
Uppercase letters only, please.
Uppercase letters only, please.
Uppercase letters only, please.
Uppercase letters only, please.
Welcome back, Gamerboymanguy the Hill Orc Fighter.
Press ? for a list of commands and other information.
You have reached level 3!
Your experience leads to an increase in your attributes!
Increase (S)trength, (I)ntelligence, or (D)exterity?
Uppercase letters only, please.
You feel clever. x2
You feel very mighty all of a sudden.
Are you sure you want to abandon this character and quit the game? (Confirm with "yes".)

?........ ..~~..~..~~~##
........ ..~..~..~..~~~#
#.#.... ..~..~⌠.~...~~#
#.#.... ...~.⌠~..~..~~#
#.#.... ~..~..~..~..~~#
#....##
~~..~..~~...~######[...##
.~..~...)...##...........
..~~....@...##.####......
............#............
...............#.###.####
#####..####..............
##...................
######.##.#.###.####
#.##.#.# #.# # #.##.#.#
#.# # #.##.#.# #.# #


There were no monsters in sight!

Vanquished Creatures
  A dart slug (D:3)
  An orc (D:3)
  A bat (D:1)
  3 endoplasms
  2 goblins (D:1)
  4 hobgoblins
  A quokka (D:1)
  3 ball pythons (D:1)
  A frilled lizard (D:1)
  3 rats (D:1)
20 creatures vanquished.

Notes
Turn   | Place    | Note
-------+----------+-------------------------------------------
     0 | D:1      | Gamerboymanguy the Hill Orc Fighter began the quest for the
                  | Orb.
     0 | D:1      | Reached XP level 1. HP: 19/19 MP: 1/1
   211 | D:1      | Reached XP level 2. HP: 25/27 MP: 2/2
   389 | D:1      | Reached skill level 4 in Fighting
   522 | D:3      | Found a blossoming altar of Fedhas.
   583 | D:3      | Reached XP level 3. HP: 29/33 MP: 3/3
   584 | D:3      | Quit the game

Illustrated notes

Levels and vault maps discovered:
D:1:      dpeg_arrival_stone_temple_mockup, layout_loops_ring, minivault_19,
          minmay_indecisive_spiral
D:2:      layout_basic, shapermc_ecumenical_altar_petra, grunt_decor_resistance,
          minmay_cut_off
D:3:      cheibrodos_helix_gallery, layout_basic, mainiacjoe_overflow_paths

Skill      XL: |  1  2 |
---------------+-------+-----
Axes           | 3 |  3.3
Fighting       | 4 |  4.3
Armour         | |  3.5
Shields        | |  3.4

Action                     || total
---------------------------++-------
  Melee: War axe           ||    45
    Use: Potion            ||     1
 Armour: Scale mail        ||    24
  Dodge: Dodged            ||    22
  Block: Buckler           ||    12

Table legend: (Time is in decaauts)
 A = Elapsed time spent in this place.
 B = Non-inter-level travel time spent in this place.
 C = Inter-level travel time spent in this place.
 D = Time resting spent in this place.
 E = Time spent auto-exploring this place.
 F = Levels seen in this place.
 G = Mean time per level.
                   A        B        C        D        E       F      G
               +--------+--------+--------+--------+--------+-----+--------+
         Total |    601 |    194 |    407 |      0 |      0 |   3 |  200.3 |
       Dungeon |    601 |    194 |    407 |      0 |      0 |   3 |  200.3 |
               +--------+--------+--------+--------+--------+-----+--------+

Top non-repeatable levels by time:
     D:1: 455 daAuts
     D:3: 74 daAuts
     D:2: 71 daAuts
